 Dungeon Crawl Stone Soup version 0.27.0-1-g7a089689b8 (webtiles) character file.

Game seed: 9761916249106761650

27696 Sobieck the Martial Artist (level 13, 0/166 HPs)
             Began as a Pale Draconian Fire Elementalist on Aug 4, 2021.
             Was the Champion of Cheibriados.
             Killed by mirror damage (5 damage)
             ... on level 11 of the Dungeon.
             The game lasted 01:08:19 (22366 turns).

Sobieck the Martial Artist (DrFE)                  Turns: 22366, Time: 01:08:19

Health: 0/166      AC: 26    Str: 26    XL:     13   Next: 5%
Magic:  19/23      EV:  2    Int: 35    God:    Cheibriados [******]
Gold:   590        SH:  5    Dex: 33    Spells: 15/25 levels left

rFire    . . .     SeeInvis .     - Unarmed
rCold    + . .     Faith    .   (no shield)
rNeg     + + +     Spirit   .   (armour unavailable)
rPois    +         Reflect  +   (helmet currently unavailable)
rElec    .         Harm     .   (cloak currently unavailable)
rCorr    .         Rampage  .   (gloves currently unavailable)
Will     .....     NoTele   +   (boots currently unavailable)
Stlth    +++.......             D - amulet of reflection
HPRegen  0.37/turn              r - +6 ring of dexterity
MPRegen  0.18/turn              O - ring of protection from cold

@: short of breath, tree-form, studying Fighting, very slow
A: stationary, stasis, torment immunity, boosted hp, (breathe steam), AC +8,
unfitting armour, (cold-blooded), (steam resistance)
a: Renounce Religion, Bend Time, Temporal Distortion, Slouch, Step From Time


You were on level 11 of the Dungeon.
You worshipped Cheibriados.
Cheibriados was exalted by your worship.
You were a tree.
You visited 3 branches of the dungeon, and saw 17 of its levels.

You collected 1176 gold pieces.
You spent 586 gold pieces at shops.


Innate Abilities, Weirdness & Mutations

You are a tree.
Your roots penetrate the ground, keeping you stationary.
You cannot be teleported.
You are immune to unholy pain and torment.
Your maximum health is greatly increased.
Your equipment is partially melded.
((You can breathe blasts of scalding, opaque steam.))
((Your pale cyan-grey scales are hard. (AC +8)))
You cannot fit into any form of body armour.
((You are cold-blooded and may be slowed by cold attacks.))
((You are immune to the effects of steam.))


   Skills:
 + Level 9.4 Fighting
 + Level 5.7 Dodging
 - Level 1.7 Stealth
 + Level 12.3 Unarmed Combat
 + Level 6.7 Spellcasting
 + Level 8.6 Conjurations
 - Level 10.0 Fire Magic
 + Level 6.2 Invocations
 - Level 5.0 Evocations


You had 15 spell levels left.
You knew the following spells:

 Your Spells              Type           Power      Damage    Failure   Level
a - Foxfire               Conj/Fire      100%       2x1d9     1%          1
b - Sticky Flame          Conj/Fire      67%        2d8       1%          4
c - Fireball              Conj/Fire      33%        3d14      2%          5

Your spell library contained the following spells:

 Spells                   Type           Power      Damage    Failure   Level
 Magic Dart               Conj           100%       1d8       1%          1
 Conjure Flame            Conj/Fire      67%        6-21      1%          3
 Inner Flame              Hex/Fire       46%        N/A       1%          3
 Ignite Poison            Fire/Tmut/Pois 35%        N/A       2%          3
 Animate Skeleton         Necr           22%        N/A       3%          1
 Corona                   Hex            12%        N/A       3%          1
 Pain                     Necr           44%        1d6       3%          1
 Mephitic Cloud           Conj/Pois/Air  31%        N/A       3%          3
 Blink                    Tloc           N/A        N/A       5%          2
 Call Imp                 Summ           11%        N/A       5%          2
 Ensorcelled Hibernation  Hex/Ice        22%        N/A       5%          2
 Bolt of Magma            Conj/Fire/Erth 26%        4d12      8%          5
 Call Canine Familiar     Summ           11%        N/A       11%         3
 Gell's Gravitas          Tloc           5%         N/A       11%         3
 Lesser Beckoning         Tloc           5%         N/A       11%         3
 Portal Projectile        Hex/Tloc       22%        N/A       11%         3
 Teleport Other           Tloc           11%        N/A       11%         3
 Tukima's Dance           Hex            11%        N/A       11%         3
 Vampiric Draining        Necr           5%         2d6       11%         3
 Starburst                Conj/Fire      33%        8x6d10    12%         6
 Leda's Liquefaction      Hex/Erth       5%         N/A       34%         4
 Agony                    Necr           11%        N/A       67%         5
 Alistair's Intoxication  Tmut/Pois      7%         N/A       67%         5
 Excruciating Wounds      Necr           5%         N/A       67%         5
 Manifold Assault         Tloc           11%        N/A       67%         5
 Ignition                 Fire           34%        3d11      98%         8
 Storm Form               Tmut/Air       5%         N/A       100%        7
 Fire Storm               Conj/Fire      33%        8d9       100%        9

Inventory:

Missiles
 b - 392 stones {throwing}
 c - 184 arrows
 d - 61 sling bullets
 h - 49 bolts
 k - 4 curare-tipped darts {=fthrowing}
 l - 8 javelins {throwing}
 n - 2 atropa-tipped darts {throwing}
 q - 36 poisoned darts {throwing}
 N - a throwing net {=f!fthrowing}
 V - 4 boomerangs {throwing}
Armour
 x - a +0 pair of boots (melded)
   (You bought it in a shop on level 7 of the Dungeon)
 y - the +0 cloak of the Serpent {*Slow rF+ rN+++ rCorr}
   (You bought it in a shop on level 4 of the Dungeon)

   rF:        It protects you from fire.
   rN:        It renders you almost immune to negative energy.
   rCorr:     It protects you from acid and corrosion.
   *Slow:     It may slow you when you take damage.
 E - a +0 pair of gloves (melded)
   (You found it on level 4 of the Dungeon)
 R - a scarf of shadows (melded)
   (You found it on level 6 of the Dungeon)
Jewellery
 o - an amulet of the acrobat
   (You found it on level 3 of the Dungeon)
 r - a +6 ring of dexterity (left branch)
   (You found it on level 1 of the Lair of Beasts)
 s - a ring of poison resistance
   (You found it on level 1 of the Lair of Beasts)
 u - a +6 ring of dexterity
   (You found it on level 1 of the Lair of Beasts)
 A - an amulet of regeneration {@e2}
   (You found it on level 2 of the Lair of Beasts)
 D - an amulet of reflection (around neck)
   (You found it on level 3 of the Lair of Beasts)
 J - a ring of ice
   (You took it off Fannar on level 1 of the Orcish Mines)
 O - a ring of protection from cold (right branch)
   (You found it on level 5 of the Dungeon)
 Z - a ring of flight
   (You found it on level 9 of the Dungeon)
Wands
 m - a wand of iceblast (19)
   (You found it on level 3 of the Dungeon)
 U - a wand of flame (30)
   (You found it on level 8 of the Dungeon)
 X - a wand of polymorph (7)
   (You took it off Maurice on level 8 of the Dungeon)
Scrolls
 e - 5 scrolls of amnesia
 j - 2 scrolls of blinking {!r}
 B - a scroll of enchant armour {unknown}
 C - 3 scrolls of fear
 F - a scroll of vulnerability {unknown}
 G - a scroll of teleportation {@r4}
 I - a scroll of holy word {unknown}
 P - 2 scrolls of immolation {!r!r}
 Q - 3 scrolls of magic mapping {!r}
Potions
 a - a potion of brilliance
 g - a potion of resistance
 i - 3 potions of lignification {!q}
 p - 3 potions of curing {@q1}
 t - a potion of invisibility
 v - a potion of magic {unknown}
 w - a potion of mutation {unknown}
 z - a potion of attraction {unknown}
Miscellaneous
 f - a phantom mirror
   (You found it on level 9 of the Dungeon)
 H - a condenser vane
   (You found it on level 4 of the Lair of Beasts)

Dungeon Overview and Level Annotations

Branches:
Dungeon (11/15)            Temple (0/1) D:7            Lair (4/6) D:10
 Shoals (0/4) Lair:2        Snake (0/4) Lair:4          Orc (2/2) D:9
    Elf: Orc:2

Altars:
Ashenzari
Cheibriados
Nemelex Xobeh
Okawaru
Qazlal
Trog
Uskayaw
Wu Jian
Zin

Shops:
D:4 [   D:5 (*   D:7 [   D:8 !   D:11 :

Annotations:
D:1 exclusion: downstairs
D:6 2 runed translucent doors, bnorton916's ghost, amateur GnAM
D:9 exclusion: downstairs
Orc:2 Saint Roka

.# #.# #.#.# #.#.#
#.#.# #####.#.#
#..♣p.#.#
##.###†#.## #.
##..##.#h.§#.#
#.###...##....[....
.......[......#..##
#.#<.........#..#.#
#..............#.#.
#.........#.....
###.<.........#


You could see a death knight (reflects damage, burning) and a howler monkey.


Message History

(D) Dungeon (T) Temple (L) Lair (A) Shoals (P) Snake Pit (O) Orcish Mines
Where to? (Enter - D:10, ? - help)
There is an open door here.
There is an open door here.
Things that are here:
a +0 leather armour; a +0 vorpal mace {mace}
There is a stone staircase leading up here.
There is a stone staircase leading down here.
You climb downwards.
There is a stone staircase leading up here.
Unknown command.
A yak and a death knight come into view.
The death knight shouts!
The death knight moves out of view.
Found Zicioth's Book Emporium.
Danger!
Press: ? - help, Shift-Dir - straight line, f - yak
Aim: a yak (wandering, hasn't noticed you)
You exhale a blast of scalding steam.
The ball of steam hits the yak.
An orc wizard comes into view. It is wielding a +0 dagger of draining.
Unknown command.
The yak is engulfed in a cloud of scalding steam. x2
The yak is engulfed in a cloud of scalding steam.
The death knight is engulfed in a cloud of scalding steam.
You barely miss the yak.
You tail-slap the yak, but do no damage.
You punch the yak. The yak closely misses you.
The orc wizard shouts!
You punch the yak!
You kill the yak!
Cheibriados thoroughly appreciates the change of pace.
You hear a howl!
You have got your breath back.
There is an entrance to Zicioth's Book Emporium here.
Unknown command.
Okay, then.
Press: ? - help, Shift-Dir - straight line, f - death knight
Aim: a death knight, wielding a +0 battleaxe and wearing a +0 plate armour You exhale a blast of scalding steam.
The ball of steam hits the death knight but does no damage.
The death knight is engulfed in a cloud of scalding steam.
The death knight offers itself to Yredelemnul, and fills with unholy energy.
You closely miss the death knight.
You tail-slap the death knight, but do no damage.
Your punch misses the death knight.
The orc wizard gestures wildly while chanting.
The orc wizard flickers and vanishes!
Deactivating autopickup; reactivate with Ctrl-A.
The death knight calls down the wrath of Yredelemnul upon you.
Your body is wracked with pain!
Unknown command.
Unknown command.
Casting: Fireball (dangerous; 2% risk of failure)
Confirm with . or Enter, or press ? or * to list all spells.
Aiming: Sticky Flame (mildly dangerous; 1% risk of failure)
Press: ? - help, Shift-Dir - straight line, f/p - death knight
Aim: a death knight, wielding a +0 battleaxe and wearing a +0 plate armour (steam, lightly wounded, reflecting injuries, 100% to hit)
The sticky flame hits the death knight!
The death knight is covered in liquid flames!
The death knight reflects your damage back at you!
* * * LOW HITPOINT WARNING * * *
The death knight burns!
The death knight reflects your damage back at you!
A howler monkey comes into view.
The death knight hits you with a +0 battleaxe!!
* * * LOW HITPOINT WARNING * * *
Unknown command.
Really quaff
i - 4 potions of lignification {!q}?
Okay, then.
Really quaff
i - 4 potions of lignification {!q}?
Really quaff the potion of lignification?
You turn into a tree.
Your scarf of shadows melds into your body.
Your +0 pair of gloves melds into your body.
Your +0 pair of boots melds into your body.
The dungeon's light returns to normal.
Your roots penetrate the ground.
The death knight burns!
The death knight reflects your damage back at you!
* * * LOW HITPOINT WARNING * * *
The death knight is engulfed in a cloud of scalding steam.
The death knight hits you with a +0 battleaxe!
* * * LOW HITPOINT WARNING * * *
The death knight reflects your damage back at you!
* * * LOW HITPOINT WARNING * * *
Unknown command.
You pummel the death knight!!
The death knight reflects your damage back at you!
* * * LOW HITPOINT WARNING * * *
The death knight burns!
The death knight reflects your damage back at you!
* * * LOW HITPOINT WARNING * * *
The death knight hits you but does no damage.
You hit the death knight but do no damage.
The death knight hits you with a +0 battleaxe.
* * * LOW HITPOINT WARNING * * *
Unknown command.
You smack the death knight!
The death knight reflects your damage back at you!
You die...

Skill      XL: |  1  2  3  4  5  6  7  8  9 10 11 12 |
---------------+-------------------------------------+-----
Spellcasting   | 3 4 5 6 |  6.7
Conjurations   | 2 3 4 5 6 7 8 |  8.6
Unarmed Combat | 2 4 5 6 9 10 11 12 | 12.3
Fire Magic     | 4 5 7 8 10 | 10.0
Fighting       | 1 3 5 6 7 9 |  9.4
Dodging        | 3 5 |  5.7
Invocations    | 1 5 6 |  6.2
Evocations     | 1 5 |  5.0
Stealth        | |  1.7

Action                   |  1- 3 |  4- 6 |  7- 9 | 10-12 | 13-15 || total
-------------------------+-------+-------+-------+-------+-------++-------
Melee: Short sword       |    19 |     6 |       |       |       ||    25
       Unarmed           |       |     7 |    53 |   228 |    12 ||   300
       Flail             |       |     5 |       |       |       ||     5
       Tailslap          |       |     4 |     5 |    76 |     2 ||    87
       Punch             |       |       |       |    24 |     2 ||    26
 Cast: Foxfire           |    48 |   166 |   178 |   158 |       ||   550
       Sticky Flame      |       |       |       |    22 |     1 ||    23
       Fireball          |       |       |       |    44 |       ||    44
Invok: Bend Time         |       |       |     1 |       |       ||     1
       Slouch            |       |       |       |     1 |       ||     1
 Abil: Breathe Steam     |       |       |    48 |   104 |     8 ||   160
  Use: Scroll            |       |     8 |       |    13 |       ||    21
       Potion            |       |       |       |     1 |     1 ||     2
 Stab: Sleeping          |     5 |     4 |       |     1 |       ||    10
Armor: Skin              |     5 |    20 |    25 |    61 |     1 ||   112
Dodge: Dodged            |    17 |    33 |    58 |   177 |     3 ||   288
Block: Other             |       |       |       |    24 |     1 ||    25

Levels and vault maps discovered:
D:1:      eino_arrival_tree_alley, layout_loops_ring,
          corexii_item_surrounded_by_moat, amcnicky_mini_pool_small,
          corexii_leaking_fountain
D:2:      layout_basic, hellmonk_ecumenical_altar_leap_of_faith, basic_altar,
          minmay_pentomino_t4, uniq_terence
D:3:      layout_basic, mainiacjoe_overflow_alcove_4
D:4:      layout_basic, mainiacjoe_overflow_tiny_flanked, serial_shops, shop,
          uniq_natasha
D:5:      layout_basic, okawaru_trees_2, zin_purify, serial_shops,
          nicolae_stop_n_shop_2
D:6:      layout_rooms, ebering_ghost_disaster_area, grunt_decor_arrowhead
D:7:      layout_rooms, minmay_temple_entry_glass, serial_shops,
          nicolae_shop_trees, hangedman_decor_lopped, kennysheep_small_circle
D:8:      layout_loops_cross, nicolae_qazlal_eye_of_the_storm, serial_shops,
          shop_fountains, uniq_grum, uniq_maurice
D:9:      layout_loops_corners, lemuel_tele_altar, mainiacjoe_overflow_swirl,
          hiddenorc1_lemuel
D:10:     minmay_skewed_foursquare, layout_basic, erik_lair_orcish_takeover
D:11:     layout_loops_ring, serial_shops, shop, gammafunk_ghost_icy,
          minmay_increasing_density
Lair:1:   layout_chaotic_city, grunt_megastairs_3, uniq_sonja
Lair:2:   layout_gridlike, shoals_dummy_entry, nzn_random_ring,
          minmay_lair_oklob_chamber
Lair:3:   layout_chaotic_city, nicolae_volcano_entry_lava_flow
Lair:4:   layout_hall_layers, minmay_snake_entry_six_corridors, basic_altar,
          chequers_serial_rivers_small_3
Orc:1:    layout_caves, uniq_fannar
Orc:2:    st_orc_pillars, layout_caves, uniq_josephine, uniq_saint_roka,
          uniq_urug

Notes
Turn   | Place    | Note
-------+----------+-------------------------------------------
     0 | D:1      | Sobieck the Draconian Fire Elementalist began the quest for
                  | the Orb.
     0 | D:1      | Reached XP level 1. HP: 14/14 MP: 3/3
   256 | D:1      | Reached XP level 2. HP: 20/20 MP: 1/5
   661 | D:1      | HP: 5/20 [endoplasm (1)]
   665 | D:1      | HP: 1/20 [frozen (3)]
  1459 | D:2      | You pick up a book of the Hunter and begin reading...
  1459 | D:2      | You add the spells Call Canine Familiar, Portal Projectile
                  | and Leda's Liquefaction to your library.
  1477 | D:2      | You pick up a book of Flames and begin reading...
  1554 | D:2      | Noticed Terence
  1590 | D:1      | HP: 1/20 [gnoll (5)]
  1592 | D:1      | Reached XP level 3. HP: 1/26 MP: 2/7
  2012 | D:2      | Killed Terence
  2013 | D:2      | Reached skill level 3 in Spellcasting
  2013 | D:2      | Reached skill level 2 in Conjurations
  2075 | D:2      | Found a faded altar of an unknown god.
  2147 | D:2      | Reached XP level 4. HP: 33/33 MP: 6/8
  2673 | D:2      | Found a hide-covered altar of Uskayaw.
  3450 | D:3      | Reached XP level 5. HP: 38/38 MP: 5/10
  3546 | D:3      | Learned a level 4 spell: Sticky Flame
  3552 | D:3      | Learned a level 5 spell: Fireball
  3679 | D:3      | Found a snail-covered altar of Cheibriados.
  3862 | D:3      | Became a worshipper of Cheibriados the Contemplative
  4720 | D:4      | Found a bloodstained altar of Trog.
  4833 | D:4      | Found Wyggyrac's Armour Shoppe.
  4933 | D:4      | Reached skill level 1 in Unarmed Combat
  4933 | D:4      | Reached skill level 4 in Fire Magic
  5292 | D:4      | Reached skill level 4 in Spellcasting
  5292 | D:4      | Reached skill level 3 in Conjurations
  5299 | D:4      | Reached skill level 2 in Unarmed Combat
  5393 | D:4      | You add the spells Blink, Manifold Assault and Storm Form
                  | to your library.
  5422 | D:4      | Reached * piety under Cheibriados
  5424 | D:4      | Reached XP level 6. HP: 45/45 MP: 4/12
  5801 | D:4      | Reached skill level 3 in Unarmed Combat
  5803 | D:4      | HP: 11/45 [poisoned by a scorpion]
  5808 | D:4      | HP: 8/45 [poisoned by a scorpion]
  6068 | D:4      | Noticed Natasha
  6075 | D:4      | Killed Natasha
  6076 | D:4      | Reached skill level 4 in Conjurations
  6137 | D:4      | You pick up a book of Necromancy and begin reading...
  6137 | D:4      | You add the spells Pain, Animate Skeleton and Vampiric
                  | Draining to your library.
  6238 | D:5      | Entered Level 5 of the Dungeon
  6238 | D:5      | Found an iron altar of Okawaru.
  6252 | D:5      | Reached skill level 4 in Unarmed Combat
  6252 | D:5      | Your scales start taking on a pale cyan-grey colour.
  6252 | D:5      | Reached XP level 7. HP: 44/50 MP: 5/13
  6252 | D:5      | Gained mutation: You are immune to the effects of steam.
                  | [Pale Draconian growth]
  6424 | D:5      | You add the spells Ignite Poison, Mephitic Cloud and Bolt
                  | of Magma to your library.
  6623 | D:5      | Reached skill level 5 in Fire Magic
  6643 | D:5      | Reached ** piety under Cheibriados
  6740 | D:5      | You pick up a book of Pain and begin reading...
  6740 | D:5      | You add the spells Agony and Excruciating Wounds to your
                  | library.
  6808 | D:5      | Reached skill level 5 in Unarmed Combat
  6808 | D:5      | Reached skill level 5 in Conjurations
  6856 | D:5      | Reached skill level 1 in Fighting
  6949 | D:5      | Reached XP level 8. HP: 59/59 MP: 10/14
  7032 | D:5      | Found Gone's Antique Weapon Boutique.
  7095 | D:5      | Reached skill level 2 in Fighting
  7097 | D:5      | Found Zin's Purification Station.
  7097 | D:5      | Found a glowing silver altar of Zin.
  7565 | D:6      | Reached skill level 6 in Fire Magic
  7571 | D:6      | Reached skill level 6 in Unarmed Combat
  7871 | D:6      | Reached *** piety under Cheibriados
  7995 | D:6      | Reached skill level 3 in Fighting
  8506 | D:6      | Found a large runed translucent door.
  8506 | D:6      | Found a large runed translucent door.
  8507 | D:6      | Noticed bnorton916's ghost (amateur GnAM)
  8719 | D:7      | Noticed a troll
  8724 | D:7      | Killed a troll
  8725 | D:7      | Reached skill level 6 in Conjurations
  8725 | D:7      | Reached skill level 7 in Fire Magic
  8725 | D:7      | Reached XP level 9. HP: 69/69 MP: 13/15
  8939 | D:7      | Reached skill level 7 in Unarmed Combat
  8950 | D:7      | Found Zeri Roa's Antique Armour Shop.
  8954 | D:7      | Bought a pair of boots for 112 gold pieces
  9236 | D:7      | Reached **** piety under Cheibriados
  9344 | D:7      | Found a staircase to the Ecumenical Temple.
  9876 | D:8      | Reached skill level 4 in Fighting
 10018 | D:8      | Noticed Maurice
 10031 | D:8      | Killed Maurice
 10032 | D:8      | Reached skill level 8 in Unarmed Combat
 10032 | D:8      | Reached skill level 5 in Spellcasting
 10156 | D:8      | Noticed Grum
 10172 | D:8      | Killed Grum
 10173 | D:8      | Reached skill level 5 in Fighting
 10381 | D:8      | You pick up a book of Displacement and begin reading...
 10381 | D:8      | You add the spells Lesser Beckoning, Gell's Gravitas and
                  | Teleport Other to your library.
 10415 | D:8      | Found Lyub's Distillery.
 10420 | D:8      | Reached skill level 8 in Fire Magic
 10575 | D:8      | Reached skill level 9 in Unarmed Combat
 10575 | D:8      | Reached XP level 10. HP: 57/81 MP: 12/17
 10854 | D:8      | Found a stormy altar of Qazlal.
 11158 | D:9      | Found a broken altar of Ashenzari.
 11211 | D:9      | You pick up a book of Fire and begin reading...
 11211 | D:9      | You add the spells Starburst and Ignition to your library.
 11224 | D:9      | Reached ***** piety under Cheibriados
 11554 | D:9      | Reached skill level 6 in Fighting
 11562 | D:9      | Reached skill level 7 in Conjurations
 11765 | D:9      | Noticed a two-headed ogre
 11770 | D:9      | HP: 18/83 [two-headed ogre (17)]
 11772 | D:9      | Killed a two-headed ogre
 11773 | D:9      | Reached skill level 10 in Unarmed Combat
 11773 | D:9      | Reached skill level 2 in Dodging
 12153 | D:9      | You pick up a book of Minor Magic and begin reading...
 12153 | D:9      | You add the spells Magic Dart and Call Imp to your library.
 12420 | D:9      | Found a staircase to the Orcish Mines.
 12516 | D:9      | Found an ornate altar of the Wu Jian Council.
 12893 | D:9      | Found a sparkling altar of Nemelex Xobeh.
 12918 | D:10     | Entered Level 10 of the Dungeon
 13096 | D:10     | Reached skill level 1 in Invocations
 13096 | D:10     | Reached skill level 1 in Evocations
 13113 | D:10     | Found a staircase to the Lair.
 13209 | D:10     | Reached skill level 3 in Dodging
 13308 | D:10     | Reached XP level 11. HP: 88/91 MP: 10/18
 13313 | D:10     | Reached skill level 2 in Invocations
 13315 | D:10     | Reached skill level 2 in Evocations
 13465 | D:10     | Reached skill level 7 in Fighting
 13561 | D:10     | Reached skill level 3 in Invocations
 13801 | D:10     | Reached skill level 9 in Fire Magic
 14695 | D:11     | Reached skill level 3 in Evocations
 14723 | D:11     | Noticed an eight-headed hydra
 14740 | D:11     | Killed an eight-headed hydra
 14973 | Lair:1   | Entered Level 1 of the Lair of Beasts
 15040 | Lair:1   | Reached skill level 4 in Invocations
 15066 | Lair:1   | Reached skill level 4 in Evocations
 15392 | Lair:1   | Reached skill level 11 in Unarmed Combat
 15676 | Lair:1   | Noticed Sonja
 15680 | Lair:1   | Killed Sonja
 15681 | Lair:1   | Reached skill level 10 in Fire Magic
 15681 | Lair:1   | Reached skill level 5 in Invocations
 15681 | Lair:1   | Reached skill level 5 in Evocations
 16118 | Lair:2   | You pick up a book of Maledictions and begin reading...
 16118 | Lair:2   | You add the spells Corona, Ensorcelled Hibernation and
                  | Tukima's Dance to your library.
 16542 | D:4      | Noticed Natasha
 16545 | D:4      | Killed Natasha
 16553 | D:4      | Bought the +0 cloak of the Serpent {*Slow rF+ rN+++ rCorr}
                  | for 474 gold pieces
 17035 | Lair:2   | Noticed an oklob plant
 17183 | Lair:2   | Killed an oklob plant
 17184 | Lair:2   | Noticed an oklob plant
 17184 | Lair:2   | Noticed an oklob plant
 18153 | Lair:2   | Killed an oklob plant
 18154 | Lair:2   | Reached XP level 12. HP: 77/100 MP: 3/20
 18376 | Lair:2   | Identified the +8 short sword of Zununlid {venom, +Rage Fly
                  | Str-5}
 18502 | Lair:2   | Found a staircase to the Shoals.
 18552 | Lair:2   | Reached ****** piety under Cheibriados
 18685 | Lair:2   | Noticed an eight-headed hydra
 18803 | Lair:2   | Reached skill level 4 in Dodging
 18815 | Lair:2   | Noticed a seven-headed hydra
 18819 | Lair:2   | Killed a seven-headed hydra
 18820 | Lair:2   | Reached skill level 8 in Fighting
 18909 | Lair:2   | Killed an eight-headed hydra
 18914 | Lair:2   | Reached skill level 6 in Spellcasting
 18914 | Lair:2   | Reached skill level 8 in Conjurations
 19269 | Lair:3   | Noticed a boulder beetle
 19300 | Lair:3   | HP: 12/101 [boulder beetle (25)]
 19303 | Lair:3   | Killed a boulder beetle
 19304 | Lair:3   | Reached skill level 5 in Dodging
 19309 | Lair:3   | HP: 4/101 [rime drake/flash freeze (11)]
 19310 | Lair:3   | Reached skill level 12 in Unarmed Combat
 20192 | Lair:2   | Identified a scroll of acquirement
 20192 | Lair:2   | Acquired the Handbook of Poisoning and the Volcanoes
 20193 | Lair:2   | You add the spells Alistair's Intoxication and Fire Storm
                  | to your library.
 20628 | Lair:3   | You pick up a book of the Hunter and begin reading...
 21065 | Lair:4   | Reached skill level 9 in Fighting
 21241 | Lair:4   | Reached skill level 6 in Invocations
 21286 | Lair:4   | Found a staircase to the Snake Pit.
 21669 | Lair:4   | Noticed a death yak
 21670 | Lair:4   | Noticed a death yak
 21670 | Lair:4   | Noticed a death yak
 21821 | Orc:1    | Entered Level 1 of the Orcish Mines
 21887 | Orc:1    | Noticed Fannar
 21902 | Orc:1    | Killed Fannar
 21903 | Orc:1    | Reached XP level 13. HP: 98/111 MP: 6/22
 22128 | Orc:2    | Entered Level 2 of the Orcish Mines
 22249 | Orc:2    | Noticed Saint Roka
 22353 | D:11     | Found Zicioth's Book Emporium.
 22363 | D:11     | HP: 31/166 [death knight (16)]
 22364 | D:11     | HP: 11/166 [mirror damage (16)]
 22365 | D:11     | HP: 5/166 [death knight (2)]
 22366 | D:11     | Killed by mirror damage

Vanquished Creatures
  Fannar (Orc:1)
  A boulder beetle (Lair:3)
  3 hydras
  A two-headed ogre (D:9)
  Sonja (Lair:1)
  4 oklob plants (Lair:2)
  2 centaur zombies
  Maurice (D:8)
  2 black mambas (Lair:4)
  15 cane toads
  An unseen horror (D:10)
  2 komodo dragons
  A troll (D:7)
  2 hornets
  12 blink frogs
  28 yaks
  3 wraiths (D:10)
  A shadow (D:9)
  3 wyverns
  Grum (D:8)
  A basilisk (Lair:2)
  2 wargs (D:10)
  2 acid dragons
  10 water moccasins
  4 orc warriors
  An ice beast (D:6)
  2 ogres
  A necrophage (D:6)
  2 centaurs
  2 phantoms
  12 wolves
  3 kobold brigands
  7 bullfrogs
  4 scorpions
  A water moccasin skeleton (D:5)
  8 killer bees (D:9)
  2 howler monkeys (D:9)
  2 hounds
  2 jellies
  A centaur skeleton (D:4)
  3 gnoll shamans
  8 orc priests
  A bullfrog skeleton (D:6)
  Terence (D:2)
  3 iguanas
  20 orc wizards
  Natasha (twice) (D:4)
  A howler monkey zombie (D:10)
  4 adders
  27 gnolls
  A shadow imp (D:5)
  A white imp (D:8)
  An ufetubus (D:5)
  An adder skeleton (D:4)
  3 worms
  2 dart slugs
  51 orcs
  10 ball pythons
  2 bats
  8 endoplasms
  A giant cockroach (D:1)
  7 goblins
  9 hobgoblins
  3 jackals (D:4)
  6 frilled lizards
  20 kobolds
  9 rats
359 creatures vanquished.

Vanquished Creatures (collateral kills)
  A rime drake (Lair:3)
  A bullfrog (Lair:3)
  11 foxfires
13 creatures vanquished.

Vanquished Creatures (others)
  937 foxfires
  40 fungi
  47 plants
1024 creatures vanquished.

Grand Total: 1396 creatures vanquished

Table legend:
 A = Non-vault XP
 B = Vault XP
 C = Vault XP percentage of total XP
 D = Non-vault monster count
 E = Vault monster count
 F = Vault count percentage of total count
                 A         B        C        D         E       F
            +---------+---------+-------+---------+---------+-------
      Total |   23323 |   16243 |  41.1 |     283 |      78 |  21.6
            +---------+---------+-------+---------+---------+-------
        D:1 |      49 |       0 |   0.0 |      24 |       0 |   0.0
        D:2 |      75 |      43 |  36.4 |      21 |       3 |  12.5
        D:3 |      49 |       0 |   0.0 |      17 |       0 |   0.0
        D:4 |     494 |      33 |   6.3 |      26 |       1 |   3.7
        D:5 |     968 |       0 |   0.0 |      30 |       0 |   0.0
        D:6 |     909 |       0 |   0.0 |      33 |       0 |   0.0
        D:7 |     824 |       3 |   0.4 |      15 |       1 |   6.2
        D:8 |    1125 |    1150 |  50.5 |      22 |       6 |  21.4
        D:9 |    3589 |     219 |   5.8 |      22 |      17 |  43.6
       D:10 |    1764 |    2364 |  57.3 |      16 |      15 |  48.4
       D:11 |    1813 |     193 |   9.6 |       4 |       1 |  20.0
     Lair:1 |    1952 |    1680 |  46.3 |       5 |       6 |  54.5
     Lair:2 |    2299 |    7779 |  77.2 |      11 |      19 |  63.3
     Lair:3 |    5528 |       0 |   0.0 |      21 |       0 |   0.0
     Lair:4 |    1549 |    1762 |  53.2 |       7 |       8 |  53.3
      Orc:1 |     171 |    1017 |  85.6 |       4 |       1 |  20.0
      Orc:2 |     165 |       0 |   0.0 |       5 |       0 |   0.0
            +---------+---------+-------+---------+---------+-------

Illustrated notes

Table legend:
 A = Kills in this place as a percentage of kills in entire the game.
 B = Kills by you in this place as a percentage of kills by you in the entire game.
 C = Kills by friends in this place as a percentage of kills by friends in the entire game.
 D = Other kills in this place as a percentage of other kills in the entire game.
 E = Experience gained in this place as a percentage of experience gained in the entire game.
 F = Experience gained in this place divided by the number of levels of this place that you have seen.
                   A       B       C       D       E      F
               +-------+-------+-------+-------+-------+----------------------
         Total | 100.0 | 100.0 | 100.0 |   N/A | 100.0 | 2327.4
       Dungeon |  75.9 |  76.3 |   0.0 |   N/A |  39.6 | 1424.0
          Lair |  21.3 |  20.9 | 100.0 |   N/A |  57.0 | 5637.2
  Orcish Mines |   2.8 |   2.8 |   0.0 |   N/A |   3.4 | 676.5
               +-------+-------+-------+-------+-------+----------------------

Table legend: (Time is in decaauts)
 A = Elapsed time spent in this place.
 B = Non-inter-level travel time spent in this place.
 C = Inter-level travel time spent in this place.
 D = Time resting spent in this place.
 E = Time spent auto-exploring this place.
 F = Levels seen in this place.
 G = Mean time per level.
                   A        B        C        D        E       F      G
               +--------+--------+--------+--------+--------+-----+--------+
         Total |  29437 |  27123 |   2314 |   7725 |  13361 |  17 | 1731.6 |
       Dungeon |  19650 |  17832 |   1818 |   4418 |   9471 |  11 | 1786.4 |
          Lair |   9130 |   8686 |    444 |   3129 |   3668 |   4 | 2282.5 |
  Orcish Mines |    655 |    604 |     51 |    177 |    221 |   2 |  327.5 |
               +--------+--------+--------+--------+--------+-----+--------+

Top non-repeatable levels by time:
  Lair:2: 4208 daAuts
    D:10: 3106 daAuts
     D:9: 3034 daAuts
     D:8: 2073 daAuts
  Lair:1: 2014 daAuts
  Lair:3: 1903 daAuts
     D:3: 1720 daAuts
     D:1: 1716 daAuts
     D:2: 1671 daAuts
     D:5: 1619 daAuts
     D:6: 1600 daAuts
     D:4: 1503 daAuts
     D:7: 1220 daAuts
  Lair:4: 1003 daAuts
   Orc:1: 533 daAuts
